NYP
VERMONT LAKE MONSTERS @ HUDSON VALLEY RENEGADES
07/27/2045
 
TOP OF THE 1ST
Vermont Lake Monsters batting - Pitching for Hudson Valley Renegades : RHP David Zupon
Pitching: RHP David Zupon
Batting: RHB Armando Estrada 0-0: Called Strike
0-1: Ball
1-1: Ground out 5-3 (Groundball, 5S, EV 89.4 MPH)
Batting: LHB Juan Villafana 0-0: Called Strike
0-1: Called Strike
0-2: Ball
1-2: Strikes out looking
Batting: LHB Chance Stever 0-0: Ball
1-0: Called Strike
1-1: Ball
2-1: Fly out, F5 (Popup, 5F, EV 64.4 MPH)
Top of the 1st over - 0 runs, 0 hits, 0 errors, 0 left on base; Vermont 0 - Hudson Valley 0
BOTTOM OF THE 1ST
Hudson Valley Renegades batting - Pitching for Vermont Lake Monsters : RHP C.J. Ledger
Pitching: RHP C.J. Ledger
Batting: RHB Chris Thorson 0-0: Called Strike
0-1: Foul Ball, location: 2F
0-2: Foul Ball, location: 2F
0-2: Ball
1-2: Fly out, F8 (Flyball, 8LD, EV 93.1 MPH)
Batting: SHB Josif Popovski 0-0: Swinging Strike
0-1: Ball
1-1: Ball
2-1: Swinging Strike
2-2: Strikes out swinging
Batting: RHB Adam Kaeser 0-0: Called Strike
0-1: Foul Ball, location: 2F
0-2: Ball
1-2: Strikes out swinging
Bottom of the 1st over - 0 runs, 0 hits, 0 errors, 0 left on base; Vermont 0 - Hudson Valley 0
TOP OF THE 2ND
Vermont Lake Monsters batting - Pitching for Hudson Valley Renegades : RHP David Zupon
Batting: RHB Jonathan Gallup 0-0: Called Strike
0-1: Called Strike
0-2: Ball
1-2: Strikes out swinging
Batting: LHB Lee Gerken 0-0: Foul Ball, location: 2F
0-1: Ball
1-1: Foul Ball, location: 2F
1-2: Strikes out swinging
Batting: RHB Eduardo Chavez 0-0: Called Strike
0-1: Ball
1-1: Ball
2-1: Fly out, F9 (Flyball, 9LS, EV 88.1 MPH)
Top of the 2nd over - 0 runs, 0 hits, 0 errors, 0 left on base; Vermont 0 - Hudson Valley 0
BOTTOM OF THE 2ND
Hudson Valley Renegades batting - Pitching for Vermont Lake Monsters : RHP C.J. Ledger
Batting: RHB Eddie Zamora 0-0: Ground out 5-3 (Groundball, 56, EV 81.2 MPH)
Batting: RHB Eric Waugaman 0-0: Ball
1-0: Ball
2-0: Called Strike
2-1: Swinging Strike
2-2: Strikes out swinging
Batting: LHB Brian Hollinger 0-0: Called Strike
0-1: Called Strike
0-2: Strikes out swinging
Bottom of the 2nd over - 0 runs, 0 hits, 0 errors, 0 left on base; Vermont 0 - Hudson Valley 0
TOP OF THE 3RD
Vermont Lake Monsters batting - Pitching for Hudson Valley Renegades : RHP David Zupon
Batting: LHB Jonathan McDaniel 0-0: Foul Ball, location: 2F
0-1: Ball
1-1: DOUBLE (Groundball, 3L, EV 96.2 MPH)
Batting: LHB Larry Prey 0-0: Ball
Jonathan McDaniel steals 3rd base
1-0: Ball
2-0: Foul Ball, location: 2F
2-1: Ball
3-1: Foul Ball, location: 2F
3-2: Foul Ball, location: 2F
3-2: Base on Balls
Batting: RHB Antonio Bautista 0-0: Ball
1-0: Ball
2-0: Called Strike
2-1: Ball
3-1: Base on Balls
Larry Prey to second
Batting: RHB Armando Estrada 0-0: Swinging Strike
0-1: Ball
1-1: Called Strike
1-2: Fielders Choice at 2nd, 4-6 (Groundball, 34, EV 101.2 MPH)
Jonathan McDaniel scores
Larry Prey to third
Batting: LHB Juan Villafana 0-0: Called Strike
0-1: Called Strike
0-2: Strikes out swinging
Batting: LHB Chance Stever 0-0: Called Strike
0-1: Ball
1-1: Ball
2-1: Foul Ball, location: 2F
2-2: Strikes out swinging
Top of the 3rd over - 1 run, 1 hit, 0 errors, 2 left on base; Vermont 1 - Hudson Valley 0
BOTTOM OF THE 3RD
Hudson Valley Renegades batting - Pitching for Vermont Lake Monsters : RHP C.J. Ledger
Batting: LHB Alex Genao 0-0: Ball
1-0: Swinging Strike
1-1: Swinging Strike
1-2: SINGLE (Line Drive, 9S, EV 106.2 MPH)
Batting: RHB Kunizo Yanagisawa 0-0: Ball
Pickoff Throw to First - Out! 1-3
1-0: Ball
2-0: Swinging Strike
2-1: Swinging Strike
2-2: Strikes out looking
Batting: RHB Jesus Baires 0-0: Called Strike
0-1: Foul Ball, location: 2F
0-2: Foul Ball, location: 2F
0-2: Strikes out swinging
Bottom of the 3rd over - 0 runs, 1 hit, 0 errors, 0 left on base; Vermont 1 - Hudson Valley 0
TOP OF THE 4TH
Vermont Lake Monsters batting - Pitching for Hudson Valley Renegades : RHP David Zupon
Batting: RHB Jonathan Gallup 0-0: Ball
1-0: Fly out, F7 (Flyball, 78M, EV 78.8 MPH)
Batting: LHB Lee Gerken 0-0: Ball
1-0: Ball
2-0: Ball
3-0: Called Strike
3-1: Base on Balls
Batting: RHB Eduardo Chavez 0-0: Ball
1-0: Ball
2-0: Called Strike
2-1: Foul Ball, location: 2F
2-2: Foul Ball, location: 2F
2-2: Ball
3-2: Strikes out looking
Batting: LHB Jonathan McDaniel 0-0: Called Strike
0-1: Called Strike
0-2: Strikes out looking
Top of the 4th over - 0 runs, 0 hits, 0 errors, 1 left on base; Vermont 1 - Hudson Valley 0
BOTTOM OF THE 4TH
Hudson Valley Renegades batting - Pitching for Vermont Lake Monsters : RHP C.J. Ledger
Batting: RHB Chris Thorson 0-0: Called Strike
0-1: Foul Ball, location: 2F
0-2: Ball
1-2: Ball
2-2: Strikes out swinging
Batting: SHB Josif Popovski 0-0: Called Strike
0-1: Swinging Strike
0-2: Foul Ball, location: 2F
0-2: Ground out U3 (Groundball, 3S, EV 73.8 MPH)
Batting: RHB Adam Kaeser 0-0: Ball
1-0: Swinging Strike
1-1: Ball
2-1: Foul Ball, location: 2F
2-2: Ball
3-2: Base on Balls
Batting: RHB Eddie Zamora 0-0: Called Strike
0-1: Swinging Strike
0-2: Foul Ball, location: 2F
0-2: Strikes out looking
Bottom of the 4th over - 0 runs, 0 hits, 0 errors, 1 left on base; Vermont 1 - Hudson Valley 0
TOP OF THE 5TH
Vermont Lake Monsters batting - Pitching for Hudson Valley Renegades : RHP David Zupon
Batting: LHB Larry Prey 0-0: Called Strike
0-1: Ball
1-1: Foul Ball, location: 2F
1-2: Strikes out swinging
Batting: RHB Antonio Bautista 0-0: Called Strike
0-1: Swinging Strike
0-2: Ball
1-2: Strikes out looking
Batting: RHB Armando Estrada 0-0: Ball
1-0: Ball
2-0: Foul Ball, location: 2F
2-1: Called Strike
2-2: SINGLE (Groundball, 6MD, EV 98.1 MPH)
Batting: LHB Juan Villafana 0-0: Called Strike
Armando Estrada steals 2nd base
0-1: Ball
1-1: Called Strike
1-2: Ball
2-2: Ball
3-2: Base on Balls
Batting: LHB Chance Stever 0-0: Ball
1-0: Ball
2-0: Ball
3-0: Base on Balls
Armando Estrada to third
Juan Villafana to second
Pitching: RHP Ron Garrett
Batting: RHB Jonathan Gallup 0-0: Called Strike
0-1: Foul Ball, location: 2F
0-2: Ball
1-2: Foul Ball, location: 2F
1-2: Ball
2-2: Ball
3-2: Fly out, F9 (Flyball, 9LD, EV 95.0 MPH)
Top of the 5th over - 0 runs, 1 hit, 0 errors, 3 left on base; Vermont 1 - Hudson Valley 0
BOTTOM OF THE 5TH
Hudson Valley Renegades batting - Pitching for Vermont Lake Monsters : RHP C.J. Ledger
Pinch Hitting: SHB Suljo Dokic 0-0: Foul Ball, location: 2F
0-1: Ball
1-1: Foul Ball, location: 2F
1-2: Fly out, F8 (Flyball, 78D, EV 96.9 MPH)
Batting: LHB Brian Hollinger 0-0: Foul Ball, location: 2F
0-1: Ball
1-1: Foul Ball, location: 2F
1-2: Ball
2-2: Strikes out looking
Batting: LHB Alex Genao 0-0: Foul Ball, location: 2F
0-1: Fly out, F9 (Flyball, 9LD, EV 110.6 MPH)
Bottom of the 5th over - 0 runs, 0 hits, 0 errors, 0 left on base; Vermont 1 - Hudson Valley 0
TOP OF THE 6TH
Vermont Lake Monsters batting - Pitching for Hudson Valley Renegades : RHP Ron Garrett
Now at 1B: Suljo Dokic
Now at 2B: Josif Popovski
Now at 3B: Chris Thorson
Batting: LHB Lee Gerken 0-0: Called Strike
0-1: Ball
1-1: Foul Ball, location: 2F
1-2: Foul Ball, location: 2F
1-2: Ground out 4-3 (Groundball, 4, EV 104.4 MPH)
Batting: RHB Eduardo Chavez 0-0: Ball
1-0: Swinging Strike
1-1: Ball
2-1: Swinging Strike
2-2: Strikes out swinging
Batting: LHB Jonathan McDaniel 0-0: Called Strike
0-1: Ball
1-1: Ball
2-1: Fly out, F7 (Flyball, 78M, EV 80.0 MPH)
Top of the 6th over - 0 runs, 0 hits, 0 errors, 0 left on base; Vermont 1 - Hudson Valley 0
BOTTOM OF THE 6TH
Hudson Valley Renegades batting - Pitching for Vermont Lake Monsters : RHP C.J. Ledger
Batting: RHB Kunizo Yanagisawa 0-0: Swinging Strike
0-1: Foul Ball, location: 2F
0-2: Ball
1-2: Ball
2-2: Strikes out swinging
Batting: RHB Jesus Baires 0-0: Ground out 5-3 (Groundball, 56, EV 100.0 MPH)
Batting: RHB Chris Thorson 0-0: Swinging Strike
0-1: Fly out, F7 (Flyball, 7S, EV 85.6 MPH)
Bottom of the 6th over - 0 runs, 0 hits, 0 errors, 0 left on base; Vermont 1 - Hudson Valley 0
TOP OF THE 7TH
Vermont Lake Monsters batting - Pitching for Hudson Valley Renegades : RHP Ron Garrett
Pitching: LHP Hugo Aquino
Batting: LHB Larry Prey 0-0: SOLO HOME RUN (Flyball, 89XD, EV 110.6 MPH), Distance : 416 ft
Pitching: RHP Carlos Najera
Batting: RHB Antonio Bautista 0-0: Ball
1-0: Fly out, F7 (Line Drive, 7D, EV 87.5 MPH)
Batting: RHB Armando Estrada 0-0: Ball
1-0: Called Strike
1-1: Ball
2-1: Ball
3-1: Foul Ball, location: 2F
3-2: Foul Ball, location: 2F
3-2: SINGLE (Line Drive, 8LS, EV 111.2 MPH)
Batting: LHB Juan Villafana 0-0: Ball
Armando Estrada steals 2nd base (no throw)
1-0: Called Strike
1-1: Ball
Armando Estrada steals 3rd base
2-1: Foul Ball, location: 2F
2-2: Strikes out swinging
Batting: LHB Chance Stever 0-0: 2-RUN HOME RUN (Flyball, 7D, EV 96.9 MPH), Distance : 373 ft
Batting: RHB Jonathan Gallup 0-0: Ball
1-0: Called Strike
1-1: Ball
2-1: Ball
3-1: Foul Ball, location: 2F
3-2: Base on Balls
Batting: LHB Lee Gerken 0-0: SINGLE (Groundball, 5D, EV 102.5 MPH)
Jonathan Gallup to second
Batting: RHB Eduardo Chavez 0-0: Called Strike
0-1: Ball
1-1: Ball
2-1: Foul Ball, location: 2F
2-2: Fly out, F9 (Flyball, 9LM, EV 89.4 MPH)
Top of the 7th over - 3 runs, 4 hits, 0 errors, 2 left on base; Vermont 4 - Hudson Valley 0
BOTTOM OF THE 7TH
Hudson Valley Renegades batting - Pitching for Vermont Lake Monsters : RHP C.J. Ledger
Batting: SHB Josif Popovski 0-0: Called Strike
0-1: Ground out 2-3 (Groundball, 13S, EV 68.1 MPH)
Batting: RHB Adam Kaeser 0-0: Fly out, F9 (Line Drive, 89S, EV 86.2 MPH)
Batting: RHB Eddie Zamora 0-0: Called Strike
0-1: Ball
1-1: Ground out 1-3 (Groundball, 13S, EV 74.4 MPH)
Bottom of the 7th over - 0 runs, 0 hits, 0 errors, 0 left on base; Vermont 4 - Hudson Valley 0
TOP OF THE 8TH
Vermont Lake Monsters batting - Pitching for Hudson Valley Renegades : RHP Carlos Najera
Pitching: RHP Virgil Laverick
Batting: LHB Jonathan McDaniel 0-0: Ball
1-0: Ball
2-0: Ball
3-0: Called Strike
3-1: Foul Ball, location: 2F
3-2: Fly out, F9 (Flyball, 9LD, EV 95.6 MPH)
Batting: LHB Larry Prey 0-0: Called Strike
0-1: Called Strike
0-2: Foul Ball, location: 2F
0-2: Ball
1-2: Ball
2-2: Foul Ball, location: 2F
2-2: Fly out, F8 (Flyball, 8RS, EV 88.1 MPH)
Batting: RHB Antonio Bautista 0-0: Called Strike
0-1: Ball
1-1: Ball
2-1: Ball
3-1: Foul Ball, location: 2F
3-2: SINGLE (Line Drive, 6M, EV 97.5 MPH)
Pitching: LHP Toshiaki Wada
Batting: RHB Armando Estrada 0-0: Ball
1-0: Foul Ball, location: 2F
1-1: Foul Ball, location: 2F
1-2: Ball
2-2: Ball
3-2: Base on Balls
Antonio Bautista to second
Batting: LHB Juan Villafana 0-0: Called Strike
0-1: Ball
1-1: Ball
2-1: Fly out, F7 (Line Drive, 7, EV 102.5 MPH)
Top of the 8th over - 0 runs, 1 hit, 0 errors, 2 left on base; Vermont 4 - Hudson Valley 0
BOTTOM OF THE 8TH
Hudson Valley Renegades batting - Pitching for Vermont Lake Monsters : RHP C.J. Ledger
Batting: SHB Suljo Dokic 0-0: Ball
1-0: Ground out 5-3 (Groundball, 56D, EV 90.6 MPH)
Pitching: RHP Darwin Nunez
Batting: LHB Brian Hollinger 0-0: Called Strike
0-1: Foul Ball, location: 2F
0-2: Strikes out swinging
Batting: LHB Alex Genao 0-0: Called Strike
0-1: Foul Ball, location: 2F
0-2: Strikes out looking
Bottom of the 8th over - 0 runs, 0 hits, 0 errors, 0 left on base; Vermont 4 - Hudson Valley 0
TOP OF THE 9TH
Vermont Lake Monsters batting - Pitching for Hudson Valley Renegades : LHP Toshiaki Wada
Batting: LHB Chance Stever 0-0: Called Strike
0-1: Swinging Strike
0-2: Fly out, F8 (Flyball, 8RXD, EV 85.0 MPH)
Batting: RHB Jonathan Gallup 0-0: Ball
1-0: Ball
2-0: Fly out, F9 (Flyball, 9LS, EV 95.6 MPH)
Batting: LHB Lee Gerken 0-0: Ball
1-0: Hit by Pitch
Batting: RHB Eduardo Chavez 0-0: Foul Ball, location: 2F
0-1: Ground out 5-3 (Groundball, 56S, EV 68.1 MPH)
Top of the 9th over - 0 runs, 0 hits, 0 errors, 1 left on base; Vermont 4 - Hudson Valley 0
BOTTOM OF THE 9TH
Hudson Valley Renegades batting - Pitching for Vermont Lake Monsters : RHP Darwin Nunez
Pitching: RHP Adrian Frazier
Batting: RHB Kunizo Yanagisawa 0-0: Foul Ball, location: 2F
0-1: Foul Ball, location: 2F
0-2: Reached on error, E3 (Groundball, 34, EV 113.1 MPH)
Pinch Hitting: LHB Josh Redfern 0-0: Fielders Choice at 2nd, 5-4 (Groundball, 5, EV 83.8 MPH)
Batting: RHB Chris Thorson 0-0: Ball
1-0: Swinging Strike
1-1: Ball
2-1: Foul Ball, location: 2F
2-2: Strikes out swinging
Batting: SHB Josif Popovski 0-0: Ball
1-0: Swinging Strike
1-1: Fielders Choice at 2nd, 5-4 (Groundball, 56, EV 105.6 MPH)
Bottom of the 9th over - 0 runs, 0 hits, 1 error, 1 left on base; Vermont 4 - Hudson Valley 0
Wednesday, June 22nd , 2022 - OOTP Baseball 23.4 Build 64